 Dungeon Crawl Stone Soup version 0.19-a0-1341-g3513869 (webtiles) character file.

1013 Amnesiac the Cleaver (level 8, 0/68 HPs)
             Began as a Hill Orc Monk on Sept 1, 2016.
             Was a Believer of Okawaru.
             Slain by a scorpion (7 damage)
             ... on level 6 of the Dungeon.
             The game lasted 00:08:37 (6597 turns).

Amnesiac the Cleaver (Hill Orc Monk)                Turns: 6597, Time: 00:08:38

Health: 0/68       AC:  6    Str: 14    XL:     8   Next: 21%
Magic:  8/8        EV: 12    Int: 12    God:    Okawaru [**....]
Gold:   253        SH:  5    Dex: 13    Spells: 0 memorised, 7 levels left

rFire  . . .     SeeInvis .     a - +0 hand axe
rCold  . . .     Gourm    .     e - +0 ring mail
rNeg   . . .     Faith    .     s - +0 buckler
rPois  .         Spirit   .     (no helmet)
rElec  .         Dismiss  .     r - +0 cloak (curse)
rCorr  .         Reflect  .     (no gloves)
MR     .....     Harm     .     (no boots)
Stlth  +.........               (no amulet)
                                (no ring)
                                (no ring)

@: lethally poisoned (0 -> -4)
A: no striking features
a: Heroism, Renounce Religion


You were on level 6 of the Dungeon.
You worshipped Okawaru.
Okawaru was pleased with you.
You were near starving.

You visited 2 branches of the dungeon, and saw 7 of its levels.
You also visited: Sewer.

You collected 253 gold pieces.

Inventory:

Hand Weapons
 a - a +0 hand axe (weapon)
 j - a +0 blowgun
 u - a +1 short sword of electrocution
Missiles
 k - 33 poisoned needles
Armour
 b - a +0 robe
 e - a +0 ring mail (worn)
 r - a cursed +0 cloak (worn)
 s - a +0 buckler (worn)
Jewellery
 l - a +3 ring of strength {unknown}
 z - an uncursed ring of protection from fire {unknown}
Wands
 C - a wand of iceblast (5/15)
Scrolls
 d - 2 scrolls of recharging {unknown}
 f - 2 scrolls of enchant armour {unknown}
 h - a scroll of immolation {unknown}
 i - 4 scrolls of identify {unknown}
 o - 3 scrolls of remove curse {unknown}
 w - a scroll of enchant weapon {unknown}
 y - 2 scrolls of fog {unknown}
Potions
 g - a potion of cancellation {unknown}
 m - 3 potions of curing
 n - a potion of flight {unknown}
 p - 2 potions of heal wounds
 q - 4 potions of might {unknown}
 v - a potion of magic {unknown}
 A - a potion of berserk rage {unknown}
 B - a potion of cure mutation {unknown}
Comestibles
 c - 2 bread rations
 t - 5 fruits
 x - a meat ration


   Skills:
 - Level 5.0 Fighting
 - Level 9.9 Axes
 + Level 3.9 Dodging
 - Level 1.5 Stealth
 - Level 4.0 Shields


You had 7 spell levels left.
You didn't know any spells.

Dungeon Overview and Level Annotations

Branches:
Dungeon (6/15)             Temple (1/1) D:6

Altars:
Ashenzari
Cheibriados
Dithmenos
Fedhas
Gozag
Hepliaklqana
Kikubaaqudgha
Makhleb
Okawaru
Ru
Sif Muna
Trog
Vehumet
Xom
The Shining One

Annotations:
D:6 Aquadorian's ghost, novice OgFi


Message History

The scorpion is moderately wounded.
You feel sick. The scorpion barely misses you.
You hit the scorpion.
The scorpion is severely wounded.
You feel sick. You block the scorpion's attack.
You hit the scorpion but do no damage.
The scorpion is severely wounded.
The scorpion stings you.
* * * LOW HITPOINT WARNING * * *
You hit the scorpion.
The scorpion is severely wounded.
You feel sick.
Unknown command.
You hit the scorpion but do no damage.
The scorpion is severely wounded.
You block the scorpion's attack.
You hit the scorpion.
The scorpion is almost dead.
You feel sick. The scorpion stings you!
You die...

#########
#.#...#.#.#
####
#.....#@##
...#
#.$#.#as#.#
##.# #.
#.##..##
.#.# #. ..
##..# .#.#
#.# ..? ##.#
...# #..##..
##..# #..#
#..##.##..##
#..#
#..###(.#.#
#..#
#..#..#)##


You could see a scorpion and a worker ant.

Vanquished Creatures
  2 centaurs (D:6)
  2 big kobolds (Sewer)
  2 crimson imps (D:5)
  4 hounds
  3 jellies (D:6)
  An orc priest (D:5)
  An iguana (D:4)
  An orc wizard (D:6)
  4 worker ants
  A worker ant zombie (D:5)
  11 adders
  3 oozes
  2 worms
  7 dart slugs
  3 giant geckos
  12 orcs
  3 ball pythons
  9 giant cockroaches
  9 goblins
  3 hobgoblins
  3 quokkas
  11 bats
  3 giant newts
  22 kobolds
  11 rats
133 creatures vanquished.

Notes
Turn   | Place    | Note
-------+----------+-------------------------------------------
     0 | D:1      | Amnesiac the Hill Orc Monk began the quest for the Orb.
     0 | D:1      | Reached XP level 1. HP: 19/19 MP: 1/1
   288 | D:3      | Reached XP level 2. HP: 25/27 MP: 2/2
   668 | D:3      | Reached skill level 5 in Axes
   693 | D:4      | Reached XP level 3. HP: 28/33 MP: 3/3
   912 | D:4      | Reached skill level 6 in Axes
   912 | D:4      | Reached XP level 4. HP: 28/41 MP: 4/4
   931 | D:4      | HP: 1/41 [hound (3)]
   933 | D:4      | Reached XP level 5. HP: 2/47 MP: 5/5
  1273 | D:4      | Reached skill level 7 in Axes
  1397 | D:4      | Reached skill level 5 in Fighting
  1808 | D:5      | Entered Level 5 of the Dungeon
  2017 | D:5      | Found a glowing drain.
  2041 | Sewer    | Entered a sewer
  2137 | Sewer    | Reached XP level 6. HP: 56/56 MP: 6/6
  2320 | Sewer    | Reached skill level 8 in Axes
  2320 | Sewer    | HP: 2/56 [big kobold/enchanted dagger (7)]
  2637 | D:5      | Reached skill level 9 in Axes
  2655 | D:5      | Reached XP level 7. HP: 61/61 MP: 7/7
  3476 | D:6      | Reached skill level 1 in Shields
  3561 | D:6      | Found a staircase to the Ecumenical Temple.
  3575 | Temple   | Entered the Ecumenical Temple
  3712 | Temple   | Became a worshipper of Warmaster Okawaru
  3712 | Temple   | Reached * piety under Okawaru
  3712 | Temple   | Reached ** piety under Okawaru
  4960 | D:2      | Found a radiant altar of Vehumet.
  5437 | D:3      | Reached XP level 8. HP: 55/68 MP: 8/8
  6024 | D:6      | Noticed Aquadorian's ghost (novice OgFi)
  6597 | D:6      | Slain by a scorpion

Vault maps used:
D:1:      minmay_arrival_cross
D:2:      vehumet_crystals, minmay_misc_feat_rows
D:3:      kennysheep_pointless_box, minivault_26
D:5:      gup_sewer_entry_pipe, first_bread
D:6:      minmay_diamond_boxcup, minmay_stone_trees_small,
          corexii_item_surrounded_by_moat
Temple:   dpeg_five_rooms_temple
Sewer:    kennysheep_pipe_town

Skill      XL: |  1  2  3  4  5  6  7  8 |
---------------+-------------------------+-----
Axes           | 5 6 7 9 |  9.9
Fighting       | 4 5 |  5.0
Shields        | 4 |  4.0
Dodging        | 3 |  3.9
Stealth        | |  1.5

Action                   |  1- 3 |  4- 6 |  7- 9 || total
-------------------------+-------+-------+-------++-------
Melee: Hand axe          |    60 |   197 |   399 ||   656
 Fire: Blowgun           |     1 |       |       ||     1
  Use: Potion            |       |     4 |       ||     4
 Stab: Sleeping          |       |       |     1 ||     1
  Eat: Chunk             |       |     6 |    11 ||    17
Armor: Ring mail         |    20 |    71 |   108 ||   199
Dodge: Dodged            |    33 |   106 |   174 ||   313
Block: Buckler           |       |       |    74 ||    74
